 Dungeon Crawl Stone Soup version 0.23.0 (console) character file.

Game seed: 9056851737908137680

17297 vogonpoet the Covert (level 12, -15/60 HPs)
             Began as a Spriggan Enchanter on Feb 11, 2019.
             Was an Elder of Kikubaaqudgha.
             Shot with an arrow by Nessos (32 damage)
             ... on level 12 of the Dungeon on Feb 13, 2019.
             The game lasted 01:01:05 (12932 turns).

vogonpoet the Covert (Spriggan Enchanter)          Turns: 12932, Time: 01:01:06

Health: -15/60     AC:  6    Str:  9    XL:     12   Next: 17%
Magic:  11/29      EV: 20    Int: 22    God:    Kikubaaqudgha [****..]
Gold:   901        SH:  6    Dex: 16    Spells: 9/35 levels left

rFire    . . .     SeeInvis +   q - +2 dagger (holy)
rCold    . . .     Gourm    .   Z - +1 buckler
rNeg     . . .     Faith    .   b - +0 troll leather armour
rPois    .         Spirit   .   a - +1 hat
rElec    .         Reflect  .   Q - +0 cloak
rCorr    .         Harm     .   (gloves unavailable)
MR       ++...                  (boots unavailable)
Stlth    +++++.....             (no amulet)
HPRegen  0.60/turn              e - +2 ring of slaying
MPRegen  0.21/turn              Y - +5 ring of strength

@: very quick
A: very small, unfitting armour, see invisible, herbivore, speed 3, slow
metabolism 2
a: Receive Corpses, Renounce Religion


You were on level 12 of the Dungeon.
You worshipped Kikubaaqudgha.
Kikubaaqudgha was greatly pleased with you.
You were not hungry.

You visited 2 branches of the dungeon, and saw 13 of its levels.

You collected 1128 gold pieces.
You spent 227 gold pieces at shops.

Inventory:

Hand Weapons
 q - a +2 dagger of holy wrath (weapon)
 r - a +2 vampiric dagger
 D - a +0 blowgun
 H - a +1 dagger of venom
 I - a +0 short sword of flaming
 T - a +0 shortbow
Missiles
 f - 204 arrows
 j - 44 poisoned needles
 F - 8 tomahawks (quivered)
 X - 4 needles of sleeping
Armour
 a - a +1 hat (worn)
 b - a +0 troll leather armour (worn)
 Q - a +0 cloak (worn)
 Z - a +1 buckler (worn)
Magical Staves
 G - an uncursed staff of fire
Jewellery
 e - a +2 ring of slaying (left hand)
 t - an uncursed ring of resist corrosion
 w - a +3 amulet of reflection
 A - an uncursed ring of ice
 J - an uncursed ring of protection from cold
 Y - a +5 ring of strength (right hand)
Wands
 u - a wand of flame (32)
 E - a wand of iceblast (20)
 V - a wand of paralysis (18)
 W - a wand of enslavement (10)
Scrolls
 h - a scroll of enchant armour
 i - 6 scrolls of teleportation
 m - a scroll of torment {unknown}
 n - 4 scrolls of remove curse {unknown}
 x - a scroll of noise {unknown}
 y - 2 scrolls of blinking
 z - 5 scrolls of enchant weapon {unknown}
 K - a scroll of amnesia
 L - 2 scrolls of magic mapping
 M - a scroll of identify
 N - a scroll of vulnerability {unknown}
 P - 2 scrolls of immolation {unknown}
 R - a scroll of holy word {unknown}
 U - 3 scrolls of fog
Potions
 c - a potion of invisibility
 g - a potion of brilliance
 k - 2 potions of magic
 l - 4 potions of curing
 o - 2 potions of resistance
 p - 8 potions of might
 s - 2 potions of mutation
 v - 2 potions of haste {unknown}
 B - 3 potions of agility {unknown}
 C - a potion of heal wounds
 O - a potion of berserk rage {unknown}
 S - a potion of ambrosia {unknown}
Comestibles
 d - 9 rations


   Skills:
 - Level 5.0 Fighting
 - Level 8.0 Short Blades
 - Level 6.3 Dodging
 - Level 13.6 Stealth
 - Level 12.3 Spellcasting
 - Level 7.2 Hexes
 - Level 6.0 Charms
 + Level 3.6 Summonings
 - Level 6.6 Necromancy


You had 9 spell levels left.
You knew the following spells:

 Your Spells              Type           Power        Failure   Level  Hunger
a - Corona                Hex            #####..      1%          1    None
b - Ensorcelled Hibernat  Hex/Ice        ####..       3%          2    None
c - Confuse               Hex            #####...     1%          3    None
d - Tukima's Dance        Hex            #####...     1%          3    None
e - Dazzling Spray        Conj/Hex       ####..       8%          3    None
f - Corpse Rot            Necr           N/A          1%          2    None
g - Regeneration          Chrm/Necr      #####.....   2%          3    None
h - Animate Dead          Necr           N/A          8%          4    None
v - Summon Mana Viper     Hex/Summ       #####...     32%         5    ####...

Your spell library contained the following spells:

 Spells                   Type           Power        Failure   Level  Hunger
 Pain                     Necr           ####         1%          1    None
 Sublimation of Blood     Necr           #####.....   1%          2    None
 Summon Butterflies       Summ           ####....     2%          1    None
 Summon Small Mammal      Summ           ####         2%          1    None
 Shock                    Conj/Air       ##..         11%         1    None
 Agony                    Necr           #####...     21%         5    ####...
 Dispel Undead            Necr           #####...     21%         5    ####...
 Static Discharge         Conj/Air       ##......     32%         3    None
 Bolt of Draining         Conj/Necr      ####......   63%         5    ####...
 Borgnjor's Vile Clutch   Necr/Erth      ####......   63%         5    ####...
 Lightning Bolt           Conj/Air       ##........   97%         5    ####...
 Malign Gateway           Summ/Tloc      ###.......   100%        7    #######
 Ignition                 Fire           ##........   100%        8    #######
 Shatter                  Erth           ##........   100%        9    #######
 Tornado                  Air            ##........   100%        9    #######


Dungeon Overview and Level Annotations

Branches:
Dungeon (12/15)            Temple (0/1) D:7            Lair (0/6) D:11
    Orc (1/2) D:9

Altars:
Fedhas
Kikubaaqudgha
Makhleb
Nemelex Xobeh
Trog
Uskayaw

Shops:
D:5 ?!!*%   D:10 *

Annotations:
D:4 2 transporters, feelmyfire's ghost, amateur VSTm
D:12 Nessos


Innate Abilities, Weirdness & Mutations

You are very small and have problems with some larger weapons.
You are too small for most types of armour.
You have supernaturally acute eyesight. (SInv)
You are a herbivore.
You cover ground extremely quickly.
You need to consume almost no food.


Message History

Aim: Nessos, wielding a +2 longbow of flaming and wearing a +1 centaur barding (fast, chance to defeat MR: 70%) Nessos struggles to resist.
You feel sick.
Nessos shoots an arrow.
The arrow hits you! The arrow burns you.
Nessos blinks!
You feel sick.
Nessos shoots an arrow.
The arrow hits you! The arrow burns you.
* * * LOW HITPOINT WARNING * * *
You see here an arrow.
You feel sick.
You feel sick.
Nessos shoots an arrow.
The arrow hits you!
* * * LOW HITPOINT WARNING * * *
The arrow burns you.
You are lethally poisoned!
* * * LOW HITPOINT WARNING * * *
You see here an arrow.
* * * LOW HITPOINT WARNING * * *
You feel sick.
You feel better.
Nessos shoots an arrow.
The arrow hits you!!
Ouch! That really hurt!
You die...
Kikubaaqudgha rasps: "You have failed me!
Welcome... death!"

...........##.#....##..##...#####
..............#.............#....
...........................##....
.....##..........................
............................#.###
...........................####
.......[....................#
.....##............(.#......##
..#####..>....<.@.##.#.......#
....###............##((...#..#
.....#..#...........>c.#....##
....###.#..............###..#
....##...........>.##...##).#
.....).)....#............#[###
...........####.##...........#
...........# ####........รท..####
#..........# #..........#.#.#


You could see Nessos.

Vanquished Creatures
  Rupert (D:12)
  Gastronok (D:10)
  A centaur warrior (D:9)
  The ghost of IjonTichy1 the Covert, a journeyman OpBe of Trog (D:11)
  A two-headed ogre (D:11)
  An unseen horror (D:12)
  A deep elf mage (D:9)
  A cyclops (D:11)
  A manticore (D:11)
  Maurice (D:10)
  A komodo dragon (D:11)
  A hornet (D:9)
  2 trolls
  6 slime creatures
  2 hippogriffs
  A dancing weapon (D:11)
  A shadow (D:12)
  3 wyverns
  3 yaks
  Menkaure (D:6)
  A vampire mosquito (D:10)
  A hungry ghost (D:11)
  A soldier ant (D:9)
  2 water moccasins (D:10)
  7 orc warriors
  4 ice beasts
  6 sky beasts
  4 ogres
  A necrophage (D:12)
  4 phantoms
  5 centaurs
  4 big kobolds
  5 bullfrogs
  5 gnoll sergeants (D:9)
  5 scorpions
  6 killer bees
  A water moccasin skeleton (D:5)
  4 wights
  2 howler monkeys
  5 crimson imps
  A bullfrog zombie (D:6)
  3 centaur zombies
  4 jellies
  A quasit (D:11)
  6 orc priests
  6 hounds
  9 orc wizards
  A bullfrog skeleton (D:5)
  2 centaur skeletons
  4 iguanas
  7 worker ants
  2 hound zombies
  A howler monkey zombie (D:9)
  9 gnolls
  15 adders
  2 shadow imps (D:9)
  2 oozes
  An adder skeleton (D:9)
  2 worms (D:2)
  12 leopard geckos
  47 orcs
  A ball python (D:3)
  3 giant cockroaches
  7 goblins
  9 hobgoblins
  6 jackals
  18 kobolds
  4 quokkas
  11 bats
  3 frilled lizards
  2 jackal skeletons
  2 quokka skeletons (D:5)
  A quokka zombie (D:9)
  6 rats
314 creatures vanquished.

Vanquished Creatures (collateral kills)
  An ogre (D:4)
  A gnoll sergeant (D:9)
  A hound (D:8)
  2 gnolls (D:9)
5 creatures vanquished.

Vanquished Creatures (others)
  7 dancing weapons
7 creatures vanquished.

Grand Total: 326 creatures vanquished

Notes
Turn   | Place    | Note
-------+----------+-------------------------------------------
     0 | D:1      | vogonpoet the Spriggan Enchanter began the quest for the
                  | Orb.
     0 | D:1      | Reached XP level 1. HP: 9/9 MP: 5/5
   176 | D:1      | Reached XP level 2. HP: 12/13 MP: 6/6
   180 | D:1      | Learned a level 2 spell: Ensorcelled Hibernation
   671 | D:2      | Reached XP level 3. HP: 16/16 MP: 8/8
   676 | D:2      | Learned a level 3 spell: Confuse
   698 | D:2      | Noticed a phantom
   700 | D:2      | Killed a phantom
   700 | D:2      | Reached skill level 5 in Stealth
   700 | D:2      | Reached XP level 4. HP: 21/21 MP: 8/10
   858 | D:2      | Reached skill level 6 in Stealth
  1036 | D:2      | Reached skill level 5 in Hexes
  1351 | D:3      | Reached XP level 5. HP: 24/24 MP: 11/11
  1402 | D:3      | Learned a level 3 spell: Tukima's Dance
  1402 | D:3      | Found a bloodstained altar of Trog.
  1721 | D:3      | Found a burning altar of Makhleb.
  2184 | D:3      | Found a faded altar of an unknown god.
  2236 | D:3      | Learned a level 3 spell: Dazzling Spray
  2273 | D:4      | Found a transporter.
  2274 | D:4      | Noticed feelmyfire's ghost (amateur VSTm)
  2278 | D:4      | Found a transporter.
  2283 | D:4      | Noticed an ogre
  2329 | D:4      | Reached XP level 6. HP: 28/28 MP: 13/13
  2481 | D:4      | Found a sparkling altar of Nemelex Xobeh.
  2613 | D:4      | Reached skill level 7 in Stealth
  2967 | D:5      | Entered Level 5 of the Dungeon
  2967 | D:5      | Found Reset's Distillery.
  2970 | D:5      | Bought a potion of curing for 42 gold pieces
  2970 | D:5      | Bought a potion of heal wounds for 70 gold pieces
  3344 | D:5      | Found Hatim's Magic Scroll Boutique.
  3358 | D:5      | Bought a scroll of teleportation for 33 gold pieces
  3534 | D:5      | Reached skill level 5 in Spellcasting
  3534 | D:5      | Reached XP level 7. HP: 32/32 MP: 15/15
  4089 | D:5      | Found Lit Ong's Distillery.
  4134 | D:5      | Found Jala's General Store.
  4386 | D:5      | Found Yluoze's Food Shop.
  4513 | D:5      | Reached skill level 5 in Short Blades
  4638 | D:5      | Reached XP level 8. HP: 31/36 MP: 15/18
  4797 | D:6      | Reached skill level 8 in Stealth
  4878 | D:6      | Noticed Menkaure
  4884 | D:6      | Killed Menkaure
  4884 | D:6      | Reached skill level 9 in Stealth
  5190 | D:6      | Found an ancient bone altar of Kikubaaqudgha.
  5217 | D:6      | Became a worshipper of Kikubaaqudgha
  5387 | D:6      | Reached skill level 10 in Stealth
  5470 | D:7      | Found a hide-covered altar of Uskayaw.
  5606 | D:7      | Found a staircase to the Ecumenical Temple.
  5635 | D:7      | Found a sparkling altar of Nemelex Xobeh.
  6146 | D:8      | Reached XP level 9. HP: 29/39 MP: 17/20
  6340 | D:8      | Reached skill level 11 in Stealth
  6973 | D:9      | Found a blossoming altar of Fedhas.
  6975 | D:9      | Noticed a centaur warrior
  7010 | D:9      | Reached skill level 1 in Fighting
  7016 | D:9      | Reached * piety under Kikubaaqudgha
  7016 | D:9      | Identified Kikubaaqudgha's Reference Book on Darkness
                  | (Kikubaaqudgha gifted it to you on level 9 of the Dungeon)
  7016 | D:9      | Received a gift from Kikubaaqudgha
  7022 | D:9      | Learned a level 3 spell: Regeneration
  7066 | D:9      | Reached skill level 1 in Charms
  7076 | D:9      | Noticed a deep elf mage
  7256 | D:9      | Reached skill level 1 in Necromancy
  7682 | D:9      | Killed a centaur warrior
  7682 | D:9      | Reached skill level 5 in Charms
  7682 | D:9      | Reached XP level 10. HP: 49/49 MP: 15/22
  7714 | D:9      | Reached ** piety under Kikubaaqudgha
  7939 | D:9      | Found a staircase to the Orcish Mines.
  8370 | D:9      | Reached skill level 12 in Stealth
  8586 | D:9      | Learned a level 2 spell: Corpse Rot
  8655 | Orc:1    | Entered Level 1 of the Orcish Mines
  8771 | D:9      | Killed a deep elf mage
  8786 | D:9      | Reached skill level 5 in Dodging
  8901 | D:9      | Reached skill level 13 in Stealth
  9048 | D:10     | Entered Level 10 of the Dungeon
  9225 | D:10     | Noticed Maurice
  9276 | D:10     | Killed Maurice
  9292 | D:10     | Found Kat Raudd's General Store.
  9299 | D:10     | Bought a scroll of blinking for 82 gold pieces
  9396 | D:10     | Reached *** piety under Kikubaaqudgha
  9396 | D:10     | Identified Kikubaaqudgha's Collected Works on Necromancy
                  | (Kikubaaqudgha gifted it to you on level 10 of the Dungeon)
  9396 | D:10     | Received a gift from Kikubaaqudgha
  9396 | D:10     | Reached skill level 5 in Fighting
  9406 | D:10     | Learned a level 4 spell: Animate Dead
  9578 | D:10     | Noticed Gastronok
 10275 | D:10     | Killed Gastronok
 10275 | D:10     | Reached skill level 5 in Necromancy
 10275 | D:10     | Reached XP level 11. HP: 55/55 MP: 23/23
 10736 | D:10     | Identified the Guide on Air and Summoning
 11113 | D:11     | Noticed a two-headed ogre
 11120 | D:11     | Killed a two-headed ogre
 11157 | D:11     | Reached skill level 10 in Spellcasting
 11180 | D:11     | Found a staircase to the Lair.
 11259 | D:11     | Found a runed translucent door.
 11259 | D:11     | Noticed IjonTichy1's ghost (journeyman OpBe)
 11485 | D:11     | Reached **** piety under Kikubaaqudgha
 11875 | D:11     | Killed IjonTichy1's ghost
 11904 | D:12     | Noticed Rupert
 12320 | D:12     | Killed Rupert
 12329 | D:12     | Learned a level 5 spell: Summon Mana Viper
 12350 | D:12     | Reached XP level 12. HP: 60/60 MP: 17/29
 12405 | D:12     | Noticed Nessos
 12517 | D:11     | Reached skill level 1 in Summonings
 12932 | D:12     | Shot with an arrow by Nessos

Skill      XL: |  1  2  3  4  5  6  7  8  9 10 11 12 |
---------------+-------------------------------------+-----
Short Blades   | 2 3 5 7 8 |  8.0
Spellcasting   | 3 4 5 6 7 12 | 12.3
Hexes          | 4 5 6 7 |  7.2
Stealth        | 5 6 7 10 11 13 | 13.6
Fighting       | 3 5 |  5.0
Charms         | 5 6 |  6.0
Necromancy     | 3 5 6 |  6.6
Dodging        | 6 |  6.3
Summonings     | 3 |  3.6

Action                   |  1- 3 |  4- 6 |  7- 9 | 10-12 || total
-------------------------+-------+-------+-------+-------++-------
Melee: Dagger            |    77 |   186 |   214 |   382 ||   859
 Fire: Blowgun           |       |       |       |    71 ||    71
Throw: Tomahawk          |       |     3 |     3 |     4 ||    10
 Cast: Corona            |     5 |       |       |       ||     5
       Ensorcelled Hiber |     6 |    18 |    47 |    86 ||   157
       Confuse           |       |     6 |    29 |    55 ||    90
       Tukima's Dance    |       |     1 |     5 |    31 ||    37
       Dazzling Spray    |       |       |     2 |    15 ||    17
       Regeneration      |       |       |     1 |    22 ||    23
       Corpse Rot        |       |       |       |     2 ||     2
       Animate Dead      |       |       |       |     4 ||     4
Evoke: Wand              |       |       |       |     2 ||     2
  Use: Scroll            |       |       |       |    11 ||    11
       Potion            |       |       |       |     2 ||     2
 Stab: Sleeping          |     8 |    25 |    53 |    71 ||   157
       Confused          |       |     4 |    16 |    25 ||    45
       Distracted        |       |     3 |       |     2 ||     5
       Invisible         |       |       |     1 |     1 ||     2
  Eat: Ration            |       |     1 |     3 |     3 ||     7
Armor: Robe              |    13 |     9 |     4 |    12 ||    38
       Troll leather arm |       |       |       |    16 ||    16
Dodge: Dodged            |    95 |   110 |   108 |   237 ||   550
Block: Buckler           |       |       |       |    79 ||    79
